 Dungeon Crawl Stone Soup version 0.25-a0-388-g41a7e554cb (webtiles) character file.

Game seed: 6304946906759503297, levelgen mode: deterministic

592 Inarius the Spear-Bearer (level 7, 0/52 HPs)
             Began as a Merfolk Gladiator on Jan 7, 2020.
             Slain by Edmund
             ... wielding a +0 dire flail of protection
              (9 damage)
             ... on level 4 of the Dungeon.
             The game lasted 00:05:04 (3344 turns).

Inarius the Spear-Bearer (Merfolk Gladiator)        Turns: 3344, Time: 00:05:04

Health: 0/52       AC:  7    Str: 15      XL:     7   Next: 39%
Magic:  7/7        EV: 14    Int:  7      God:
Gold:   170        SH:  0    Dex: 16 (17) Spells: 6/6 levels left

rFire    . . .     SeeInvis .   a - +0 trident
rCold    + . .     Gourm    .   (no shield)
rNeg     . . .     Faith    .   i - +0 ring mail
rPois    .         Spirit   .   g - +0 helmet
rElec    .         Reflect  .   (no cloak)
rCorr    .         Harm     .   (no gloves)
MR       .....                  q - +0 pair of boots
Stlth    +.........             (no amulet)
HPRegen  0.17/turn              u - ring of protection from cold
MPRegen  0.10/turn              (no ring)

@: no status effects
A: change form in water, swift swim, stealthy swim
a: no special abilities


You were on level 4 of the Dungeon.
You were not hungry.

You visited 1 branch of the dungeon, and saw 4 of its levels.

You collected 170 gold pieces.

Inventory:

Hand Weapons
 a - a +0 trident (weapon)
Missiles
 l - 4 javelins (quivered)
Armour
 b - a +0 leather armour
 c - a +0 helmet
 g - a +0 helmet (worn)
 i - a +0 ring mail (worn)
 q - a +0 pair of boots (worn)
 t - a +0 scale mail
Jewellery
 u - a ring of protection from cold (left hand)
Scrolls
 h - 6 scrolls of identify
 m - 3 scrolls of magic mapping {unknown}
 o - a scroll of amnesia {unknown}
 p - 2 scrolls of enchant armour {unknown}
 r - a scroll of teleportation {unknown}
 s - a scroll of fear {unknown}
 w - a scroll of immolation {unknown}
 y - 2 scrolls of remove curse
 A - 2 scrolls of fog {unknown}
Potions
 e - a potion of curing {unknown}
 j - 2 potions of heal wounds {unknown}
 k - a potion of mutation {unknown}
 n - 2 potions of degeneration {unknown}
 x - a potion of magic {unknown}
 z - 2 potions of might
Comestibles
 f - 3 rations
 v - 7 chunks of flesh


   Skills:
 + Level 3.1 Fighting
 * Level 9.7 Polearms
 - Level 2.0 Throwing
 + Level 1.7 Armour
 * Level 5.7 Dodging
 - Level 0.1 Stealth


You had 6 spell levels left.
You didn't know any spells.
Your spell library was empty.

Dungeon Overview and Level Annotations

Branches:
Dungeon (4/15)
 Temple: D:4-7

Altars:
Elyvilon
Hepliaklqana
Kikubaaqudgha
Nemelex Xobeh
Ru
Sif Muna
Vehumet
Zin

Annotations:
D:4 Edmund


Message History

Edmund is almost dead.
Edmund struggles against the net.
You strike the helpless Edmund from behind!
You hit Edmund but do no damage.
Edmund is almost dead.
Edmund says, "I might not be good at magic, but I can still kill you!"
Edmund struggles against the net.
You hit Edmund.
Edmund is almost dead.
Edmund struggles against the net.
You hit Edmund but do no damage.
Edmund is almost dead.
Edmund struggles against the net.
The net rips apart, and Edmund comes free!
You closely miss Edmund.
Edmund is almost dead.
You hit Edmund but do no damage.
Edmund is almost dead.
Edmund hits you with a +0 dire flail of protection!
You die...

..........# #...##.#.
..#.......# #.#.##.#.
#.........# #.#.##.##
..#.......# #.# ##... .
####..###### #.# #####
#...........# #.#..
#.########### #.###
#....)..... #.# # #
#.@######## #.### #. #@.#
#.... #.. .(.)#
#########..## .... ###...
........#..# #>.. ####
#.#.##.#..#
#...###########.#.#.#...##
#.............#.#..###....
......##..♣♣♣♣..#.###.#.....
####. ##.♣ ♣♣.#......##.##


You could see Edmund.

Vanquished Creatures
  Sigmund (D:2)
  A howler monkey (D:4)
  A hound (D:3)
  A quasit (D:4)
  An iguana (D:4)
  Jessica (D:3)
  2 worker ants (D:4)
  Terence (D:2)
  Natasha (thrice) (D:3)
  A hound skeleton (D:4)
  Robin (D:2)
  2 adders
  3 worms
  2 dart slugs
  3 leopard geckos (D:2)
  5 orcs
  2 ball pythons
  2 giant cockroaches (D:1)
  7 goblins
  10 hobgoblins
  7 jackals
  A quokka (D:3)
  3 bats
  3 frilled lizards
  7 kobolds
  7 rats
  A plant (D:3)
79 creatures vanquished.

Notes
Turn   | Place    | Note
-------+----------+-------------------------------------------
     0 | D:1      | Inarius the Merfolk Gladiator began the quest for the Orb.
     0 | D:1      | Reached XP level 1. HP: 16/16 MP: 1/1
   244 | D:1      | Reached XP level 2. HP: 23/23 MP: 2/2
   494 | D:1      | Reached skill level 5 in Polearms
   777 | D:2      | Reached XP level 3. HP: 28/28 MP: 3/3
   841 | D:2      | Noticed Robin
   876 | D:2      | Killed Robin
  1186 | D:2      | Reached skill level 6 in Polearms
  1186 | D:2      | Reached XP level 4. HP: 34/34 MP: 4/4
  1362 | D:2      | Noticed Sigmund
  1376 | D:2      | Killed Sigmund
  1376 | D:2      | Reached skill level 7 in Polearms
  1376 | D:2      | Reached skill level 5 in Dodging
  1376 | D:2      | Reached XP level 5. HP: 26/39 MP: 5/5
  1492 | D:2      | Found a shimmering blue altar of Sif Muna.
  1494 | D:2      | Found a sparkling altar of Nemelex Xobeh.
  1501 | D:2      | Noticed Terence
  1523 | D:2      | Killed Terence
  1523 | D:2      | Reached skill level 8 in Polearms
  1523 | D:2      | Reached skill level 1 in Armour
  1523 | D:2      | Reached XP level 6. HP: 34/46 MP: 6/6
  1635 | D:2      | Found an ancient bone altar of Kikubaaqudgha.
  1823 | D:2      | Found a hazy altar of Hepliaklqana.
  1823 | D:2      | Found a glowing silver altar of Zin.
  1823 | D:2      | Found a white marble altar of Elyvilon.
  1860 | D:3      | Noticed Natasha
  1869 | D:3      | Killed Natasha
  2338 | D:3      | Noticed Natasha
  2338 | D:3      | Noticed Jessica
  2353 | D:3      | Killed Natasha
  2371 | D:3      | Killed Jessica
  2372 | D:3      | Found a radiant altar of Vehumet.
  2766 | D:3      | Reached skill level 9 in Polearms
  2818 | D:3      | Noticed Natasha
  2822 | D:3      | Killed Natasha
  3064 | D:4      | Found a sacrificial altar of Ru.
  3096 | D:4      | Reached XP level 7. HP: 52/52 MP: 7/7
  3292 | D:4      | Noticed Edmund
  3344 | D:4      | Slain by Edmund

Levels and vault maps discovered:
D:1:      minmay_arrival_checkered_box, layout_basic
D:2:      layout_basic, nicolae_overflow_hidden_temple,
          kiku_gazebo_garden_becter, gammafunk_temple_overflow_forgotten,
          minmay_tetromino_l2, uniq_sigmund, uniq_terence, uniq_robin
D:3:      layout_loops_ring, vehumet_crystals, first_ration, grunt_decor_cap,
          kennysheep_path_1, serial_bayou_pond_a, uniq_natasha, uniq_jessica
D:4:      layout_loops_ring, nicolae_ru_sacrificial_ziggurat, nrook_campfire,
          uniq_edmund

Skill      XL: |  1  2  3  4  5  6 |
---------------+-------------------+-----
Polearms       | 5 6 7 8 9 |  9.7
Dodging        | 5 |  5.7
Armour         | 1 |  1.7
Fighting       | 3 |  3.1
Throwing       | |  2.0
Stealth        | |  0.1

Action                   |  1- 3 |  4- 6 |  7- 9 || total
-------------------------+-------+-------+-------++-------
Melee: Trident           |   111 |   222 |    97 ||   430
Throw: Throwing net      |       |       |     3 ||     3
  Use: Scroll            |     2 |     1 |       ||     3
       Potion            |       |     1 |       ||     1
 Stab: Sleeping          |     1 |       |       ||     1
       Held in net/web   |       |       |     4 ||     4
  Eat: Chunk             |     1 |     6 |     1 ||     8
Armor: Ring mail         |    21 |    34 |    26 ||    81
       Leather armour    |     3 |       |       ||     3
Dodge: Dodged            |    69 |    93 |    49 ||   211

Table legend:
 A = Non-vault XP
 B = Vault XP
 C = Vault XP percentage of total XP
 D = Non-vault monster count
 E = Vault monster count
 F = Vault count percentage of total count
                 A         B        C        D         E       F
            +---------+---------+-------+---------+---------+-------
      Total |     477 |     370 |  43.7 |      61 |      17 |  21.8
            +---------+---------+-------+---------+---------+-------
        D:1 |      28 |       0 |   0.0 |      16 |       0 |   0.0
        D:2 |      35 |     298 |  89.5 |      11 |      15 |  57.7
        D:3 |     170 |      72 |  29.8 |      23 |       2 |   8.0
        D:4 |     244 |       0 |   0.0 |      11 |       0 |   0.0
            +---------+---------+-------+---------+---------+-------
